 Dungeon Crawl Stone Soup version 0.28.0-62-gf88900778d (webtiles) character file.

Game seed: 684478084929460072

338 cbfl8 the Chopper (level 6, -8/54 (55) HPs)
             Began as a Minotaur Berserker on Mar 9, 2023.
             Was a Priest of Trog.
             Killed by an exploding orc (13 damage)
             ... ignited by their inner flame
             ... on level 4 of the Dungeon.
             The game lasted 00:02:43 (3091 turns).

cbfl8 the Chopper (Minotaur Berserker)              Turns: 3091, Time: 00:02:43

HP:   -8/54 (55)    AC: 10    Str: 21    XL:     6   Next: 29%
MP:   5/5           EV:  8    Int:  4    God:    Trog [***...]
Gold: 89            SH:  0    Dex: 12    Spells: 5/5 levels left

rFire   . . .      SeeInvis .   a - +0 hand axe (flame)
rCold   . . .      Faith    .   (no shield)
rNeg    . . .      Spirit   .   m - +0 chain mail
rPois   .          Reflect  .   (helmet restricted)
rElec   .          Harm     .   (no cloak)
rCorr   .          Rampage  .   (no gloves)
Will    .....                   f - +0 pair of boots
Stlth   ..........              (no amulet)
HPRegen 0.18/turn               (no ring)
MPRegen 0.09/turn               (no ring)

@: on berserk cooldown, slowed, lightly drained, very slow
A: horns 2, retaliatory headbutt
a: Renounce Religion, Berserk, Trog's Hand


You were on level 4 of the Dungeon.
You worshipped Trog.
Trog was most pleased with you.
You visited 1 branch of the dungeon, and saw 4 of its levels.

You collected 89 gold pieces.

Inventory:

Hand Weapons
 a - a +0 hand axe of flaming (weapon)
Armour
 f - a +0 pair of boots (worn)
 m - a +0 chain mail (worn)
Wands
 l - a wand of digging (4)
Scrolls
 k - 2 scrolls of identify {unknown}
Potions
 b - a potion of brilliance {unknown}
 d - a potion of lignification {unknown}
 g - a potion of curing {unknown}
 h - a potion of haste
 j - a potion of flight {unknown}


   Skills:
 * Level 4.8 Fighting
 + Level 5.3 Axes
 * Level 3.7 Armour
 * Level 3.3 Dodging
 * Level 2.0 Stealth
 * Level 1.8 Evocations


You had 5 spell levels left.
You didn't know any spells.
Your spell library was empty.

Dungeon Overview and Level Annotations

Branches:
Dungeon (4/15)
 Temple: D:4-7

Altars:
Uskayaw

Shops:
D:1 (

Annotations:
D:4 Grinder


Innate Abilities, Weirdness & Mutations

You have a pair of horns on your head.
You reflexively headbutt those who attack you in melee.


Message History

Pain shoots through your body!
You feel a strong urge to attack something.
You are no longer berserk.
You are exhausted.
You feel yourself slow down.
A hobgoblin comes into view.
You are too confused!
Grinder hits you but does no damage.
You feel less confused. Grinder gestures at you.
You barely resist. The gnoll closely misses you.
As you read the scroll labelled HIUCATS DARCHE, it crumbles to dust.
It is a scroll of brand weapon.
Your +0 hand axe is engulfed in flames!
a - a +0 hand axe of flaming (weapon)
The gnoll hits you with a +0 whip!
The orc hits you with a +2 whip of electrocution.
The orc closely misses you.
As you read the scroll labelled ZETACEFURA, it crumbles to dust.
The creatures around you are filled with an inner flame!
It was a scroll of immolation.
Grinder blinks!
The gnoll barely misses you. You furiously retaliate!
You headbutt the gnoll.
Flame seeps out of the gnoll.
The kobold hits you but does no damage.
You feel drained. The orc closely misses you.
The gnoll is engulfed in blazing flames.
Trog accepts your kill.
The gnoll explodes!
The fiery explosion engulfs the orc!!
Trog accepts your kill.
The fiery explosion engulfs the orc!!
Trog accepts your kill. The fiery explosion engulfs you!
The orc explodes!
The fiery explosion engulfs the orc!!!
Trog accepts your kill. The fiery explosion engulfs you!!
* * * LOW HITPOINT WARNING * * *
The orc explodes! x2
The fiery explosion engulfs you!
You die...

.......?.......(.
.g.........>.....
................
#... #..# #####
.##...##.5###....#
.......§§§........
...(...§§§§§......
.......§§§○§......
.##.....§§@§......
#.>....K§.......
#.......##(....#
######### ######


You could see Grinder (inner flame) and a kobold (inner flame).

Vanquished Creatures
  A vampire bat (D:3)
  Terence (D:3)
  Natasha (thrice) (D:2)
  2 orc wizards
  Robin (D:2)
  A gnoll (D:4)
  5 adders
  A worm (D:3)
  A dart slug (D:1)
  8 orcs
  3 endoplasms
  13 goblins
  12 hobgoblins
  6 jackals
  5 quokkas
  6 ball pythons
  7 bats
  2 frilled lizards
  8 kobolds
  8 rats
94 creatures vanquished.

Notes
Turn   | Place    | Note
-------+----------+-------------------------------------------
     0 | D:1      | cbfl8 the Minotaur Berserker began the quest for the Orb.
     0 | D:1      | Reached XP level 1. HP: 19/19 MP: 0/0
   122 | D:1      | Reached XP level 2. HP: 24/27 MP: 1/1
   192 | D:1      | Found Tiutetan's Antique Weapon Shoppe.
   340 | D:1      | Reached skill level 4 in Axes
   550 | D:1      | Reached ** piety under Trog
   594 | D:1      | Reached XP level 3. HP: 32/33 MP: 2/2
   766 | D:2      | Noticed Robin
   780 | D:2      | Killed Robin
   903 | D:2      | Noticed Natasha
   909 | D:2      | Killed Natasha
   910 | D:2      | Reached skill level 1 in Evocations
   910 | D:2      | Reached XP level 4. HP: 39/40 MP: 3/3
   926 | D:2      | Noticed Natasha
   935 | D:2      | Killed Natasha
   936 | D:2      | Reached skill level 1 in Stealth
  1196 | D:2      | Noticed Natasha
  1200 | D:2      | Killed Natasha
  1267 | D:2      | Reached XP level 5. HP: 40/47 MP: 4/4
  1694 | D:3      | Reached *** piety under Trog
  1727 | D:3      | Noticed Terence
  1735 | D:3      | Killed Terence
  1736 | D:3      | Reached skill level 5 in Axes
  2067 | D:3      | Found a faded altar of an unknown god.
  2201 | D:3      | Found a hide-covered altar of Uskayaw.
  2208 | D:3      | Reached XP level 6. HP: 48/53 MP: 5/5
  3074 | D:4      | Noticed Grinder
  3091 | D:4      | Killed by an exploding orc... ignited by their inner flame

Illustrated notes

Levels and vault maps discovered:
D:1:      lightli_arrival_quake, layout_rooms, serial_shops, shop
D:2:      minmay_alternating_diamond, layout_loops_ring, uniq_robin,
          uniq_natasha
D:3:      layout_loops_corners, nicolae_uskayaw_dance_hall,
          dreamdust_ecumenical_altar_statues, roderic_batcave, uniq_terence
D:4:      layout_gridville, uniq_grinder

Skill      XL: |  1  2  3  4  5  6 |
---------------+-------------------+-----
Axes           | 4 5 |  5.3
Fighting       | 4 |  4.8
Evocations     | 1 |  1.8
Stealth        | 1 2 |  2.0
Armour         | 3 |  3.7
Dodging        | 3 |  3.3

Action                   |  1- 3 |  4- 6 || total
-------------------------+-------+-------++-------
Melee: Hand axe          |    67 |   112 ||   179
       Headbutt          |    10 |    17 ||    27
       Punch             |     1 |     1 ||     2
Invok: Berserk           |     1 |     2 ||     3
  Use: Scroll            |       |     2 ||     2
 Stab: Sleeping          |     1 |     2 ||     3
       Distracted        |       |     1 ||     1
Armor: Animal skin       |     9 |     2 ||    11
       Ring mail         |       |    37 ||    37
       Chain mail        |       |     4 ||     4
Dodge: Dodged            |    46 |    86 ||   132
